 Dungeon Crawl Stone Soup version 0.30-a0-465-g8901f6c8b5 (webtiles) character file.

Game seed: 10930534809142347535

557 Darkkill the Shooter (level 7, -3/63 HPs)
             Began as a Minotaur Hunter on Dec 18, 2022.
             Was an Initiate of Gozag.
             Slain by Duvessa
             ... wielding a +0 short sword
              (14 damage)
             ... on level 4 of the Dungeon.
             The game lasted 00:08:17 (3901 turns).

Darkkill the Shooter (Minotaur Hunter)              Turns: 3901, Time: 00:08:18

Health: -3/63      AC:  5    Str: 18    XL:     7   Next: 9%
Magic:  6/6        EV: 13    Int:  6    God:    Gozag
Gold:   139        SH:  0    Dex: 13    Spells: 6/6 levels left

rFire   . . .      SeeInvis .    a - +0 shortbow
rCold   . . .      Faith    .    (shield currently unavailable)
rNeg    . . .      Spirit   .    c - +0 leather armour
rPois   .          Reflect  .    (helmet restricted)
rElec   .          Harm     .    (no cloak)
rCorr   .          Rampage  .    (no gloves)
Will    .....                    d - +0 pair of boots
Stlth   ++........               (no amulet)
HPRegen 0.30/turn                (no ring)
MPRegen 0.10/turn                (no ring)

@: gold aura
A: horns 2, retaliatory headbutt
a: Renounce Religion, Potion Petition, Call Merchant, Bribe Branch


You were on level 4 of the Dungeon.
You worshipped Gozag.
Gozag was aware of your devotion.
You visited 1 branch of the dungeon, and saw 4 of its levels.

You collected 355 gold pieces.
You spent 142 gold pieces at shops.
You paid 74 gold pieces to Gozag.

Inventory:

Hand Weapons
 a - a +0 shortbow (weapon)
 b - a +2 great sword of freezing
Missiles
 g - a boomerang
 h - 40 stones
 m - 8 poisoned darts
 r - 6 atropa-tipped darts
Armour
 c - a +0 leather armour (worn)
 d - a +0 pair of boots (worn)
Scrolls
 e - a scroll of fog
 f - a scroll of immolation
 q - a scroll of vulnerability {unknown}
 s - a scroll of amnesia
Potions
 i - 2 potions of magic
 j - a potion of invisibility {unknown}
 k - a potion of resistance
 l - a potion of curing {@q1}
 n - 2 potions of might {unknown}
 o - a potion of lignification {unknown}
 p - a potion of flight {unknown}


   Skills:
 + Level 6.1 Fighting
 + Level 6.8 Ranged Weapons
 - Level 6.2 Armour
 + Level 5.5 Dodging
 + Level 4.2 Stealth


You had 6 spell levels left.
You didn't know any spells.
Your spell library contained the following spells:

 Spells                   Type           Power      Damage    Failure   Level
 Ensorcelled Hibernation  Hex/Ice        0%         N/A       65%         2
 Passwall                 Tmut/Erth      0%         N/A       65%         2
 Swiftness                Air            0%         N/A       86%         3
 Summon Forest            Summ/Tloc      0%         N/A       100%        5
 Eringya's Noxious Bog    Tmut/Pois      0%         N/A       100%        6
 Summon Hydra             Summ           0%         N/A       100%        7


Dungeon Overview and Level Annotations

Branches:
Dungeon (4/15)
 Temple: D:4-7

Altars:
Cheibriados
Dithmenos
Gozag
Makhleb
Nemelex Xobeh
Okawaru
Vehumet
Yredelemnul

Shops:
D:2 (

Annotations:
D:3 1 runed translucent door, Crazy Yiuf
D:4 Duvessa


Innate Abilities, Weirdness & Mutations

You have a pair of horns on your head.
You reflexively headbutt those who attack you in melee.


Message History

You shoot an arrow. The arrow hits Duvessa.
Duvessa is lightly wounded.
Duvessa says, "I don't care about looks, I care about technique!"
Dowan's feet meld with the ground, briefly.
You shoot an arrow. The arrow barely misses Duvessa.
The arrow misses Dowan.
You shoot an arrow. The arrow barely misses Duvessa.
The arrow hits Dowan!
Dowan is moderately wounded.
You shoot an arrow. The arrow barely misses Duvessa.
The arrow hits Dowan!
Dowan is almost dead.
Duvessa barely misses you.
You shoot an arrow.
The arrow hits Duvessa but does no damage.
Duvessa is lightly wounded.
Duvessa says, "When magic and the sword combine, nothing stands against them."
Duvessa hits you with a +0 short sword!
You shoot an arrow. The arrow barely misses Duvessa.
The arrow closely misses Dowan.
Duvessa hits you with a +0 short sword. Duvessa closely misses you.
You furiously retaliate!
You headbutt Duvessa. You shoot an arrow.
The arrow hits Duvessa but does no damage.
Duvessa is lightly wounded.
Duvessa hits you but does no damage.
Dowan points at Duvessa and mumbles some strange words.
Duvessa seems to speed up.
You shoot an arrow.
The arrow hits Duvessa but does no damage.
Duvessa is lightly wounded.
Duvessa closely misses you.
Dowan says, "My weaknesses are her strengths!"
You shoot an arrow.
The arrow hits Duvessa but does no damage.
Duvessa is lightly wounded.
Duvessa completely misses you. Duvessa hits you with a +0 short sword.
You shoot an arrow.
The arrow hits Duvessa but does no damage.
Duvessa is lightly wounded.
Duvessa misses you. Duvessa barely misses you. You furiously retaliate!
You headbutt Duvessa! You shoot an arrow.
The arrow hits Duvessa but does no damage.
Duvessa is heavily wounded.
Duvessa hits you with a +0 short sword!
Dowan gestures wildly while chanting.
Dowan blinks!
You are too injured to fight recklessly!
You are too injured to fight recklessly!
You are too injured to fight recklessly!
You are too injured to fight recklessly!
You are too injured to fight recklessly!
You are too injured to fight recklessly!
You are too injured to fight recklessly!
You are too injured to fight recklessly!
You are too injured to fight recklessly!
You are too injured to fight recklessly!
You are too injured to fight recklessly!
You are too injured to fight recklessly!
You are too injured to fight recklessly!
You are too injured to fight recklessly!
You are too injured to fight recklessly!
You shoot an arrow. The arrow hits Duvessa.
Duvessa is heavily wounded.
Duvessa barely misses you. Duvessa hits you with a +0 short sword.
You shoot an arrow. The arrow barely misses Duvessa.
The arrow hits Dowan.
Dowan is almost dead.
Duvessa hits you with a +0 short sword. x2
You shoot an arrow.
The arrow hits Duvessa but does no damage.
Duvessa is heavily wounded.
Duvessa hits you with a +0 short sword. Duvessa misses you.
You shoot an arrow. The arrow barely misses Duvessa.
The arrow misses Dowan.
Duvessa hits you with a +0 short sword.
You shoot an arrow. The arrow closely misses Duvessa.
The arrow hits Dowan.
Dowan is almost dead.
Duvessa closely misses you.
Dowan gestures wildly while chanting.
Dowan blinks!
Duvessa barely misses you. You furiously retaliate!
You headbutt Duvessa. You shoot an arrow. The arrow closely misses Duvessa.
Duvessa hits you with a +0 short sword! Duvessa barely misses you.
You shoot an arrow.
The arrow hits Duvessa but does no damage.
Duvessa is heavily wounded.
Duvessa hits you with a +0 short sword!
* * * LOW HITPOINT WARNING * * *
Duvessa barely misses you.
You shoot an arrow. The arrow hits Duvessa.
Duvessa is heavily wounded.
Duvessa hits you with a +0 short sword.
* * * LOW HITPOINT WARNING * * *
Duvessa closely misses you.
You shoot an arrow. The arrow barely misses Duvessa.
The arrow hits Dowan.
You kill Dowan!
Duvessa screams in rage.
Duvessa goes berserk!
Duvessa barely misses you.
Unknown command.
You feel better. Duvessa hits you with a +0 short sword!
* * * LOW HITPOINT WARNING * * *
Duvessa hits you with a +0 short sword!
You die...
Your body crumbles into a pile of gold.

#..###### #.#
#.......# #.# #.#
##.####.# #.# #<# #.#
#.# #$# #.# #.## #.#
#.# #.# #..# #.# #.#
#.# ##.# #.# #.# #.#
#.# #.# #e# #.# # #.#
#.# #@# #.# .# #.# #.#
#.# #.# .. #.# #.# #.#
#.#
..#####.###.####.###.#
...........#.........#
#.#########.####.#####
#####...###.#
.............#
.#####...#####


You could see Duvessa (berserk, fast).

Vanquished Creatures
  Grinder (D:3)
  Dowan (D:4)
  A howler monkey (D:3)
  An orc priest (D:2)
  An orc wizard (D:2)
  Terence (D:3)
  2 iguanas (D:4)
  3 gnolls (D:3)
  2 adders
  A worm (D:4)
  2 dart slugs
  11 orcs
  6 bats
  6 endoplasms
  A giant cockroach (D:3)
  6 goblins
  7 hobgoblins
  6 kobolds
  4 ball pythons
  5 frilled lizards
  4 rats
72 creatures vanquished.

Vanquished Creatures (others)
  6 plants (D:2)
6 creatures vanquished.

Grand Total: 78 creatures vanquished

Notes
Turn   | Place    | Note
-------+----------+-------------------------------------------
     0 | D:1      | Darkkill the Minotaur Hunter began the quest for the Orb.
     0 | D:1      | Reached XP level 1. HP: 18/18 MP: 0/0
   300 | D:1      | Reached skill level 1 in Stealth
   331 | D:1      | Reached XP level 2. HP: 24/25 MP: 1/1
   500 | D:1      | Reached skill level 5 in Fighting
   500 | D:1      | Reached XP level 3. HP: 36/36 MP: 2/2
  1301 | D:2      | Reached XP level 4. HP: 22/42 MP: 3/3
  1703 | D:2      | Found Zaosm's Antique Weapon Shop.
  2187 | D:2      | Bought a glowing great sword for 142 gold pieces
  2245 | D:3      | Found a faded altar of an unknown god.
  2258 | D:3      | Reached XP level 5. HP: 48/48 MP: 4/4
  2390 | D:3      | Noticed Terence
  2397 | D:3      | Killed Terence
  2472 | D:3      | Noticed Grinder
  2476 | D:3      | Paralysed by Grinder for 3 turns
  2482 | D:3      | Paralysed by Grinder for 5 turns
  2497 | D:3      | Paralysed by Grinder for 2 turns
  2502 | D:3      | Killed Grinder
  2503 | D:3      | Reached skill level 5 in Dodging
  2503 | D:3      | Reached XP level 6. HP: 28/57 MP: 5/5
  2707 | D:3      | Found a shadowy altar of Dithmenos.
  2710 | D:3      | Found a sparkling altar of Nemelex Xobeh.
  2713 | D:3      | Found a burning altar of Makhleb.
  2715 | D:3      | Found an iron altar of Okawaru.
  2719 | D:3      | Found a radiant altar of Vehumet.
  2722 | D:3      | Found a basalt altar of Yredelemnul.
  2726 | D:3      | Found a snail-covered altar of Cheibriados.
  2729 | D:3      | Found an opulent altar of Gozag.
  2841 | D:3      | Found a runed translucent door.
  2842 | D:3      | Noticed Crazy Yiuf
  3257 | D:3      | Became a worshipper of Gozag Ym Sagoz the Greedy
  3848 | D:4      | Reached XP level 7. HP: 63/63 MP: 6/6
  3879 | D:4      | Noticed Duvessa
  3879 | D:4      | Noticed Dowan
  3899 | D:4      | HP: 7/63 [Duvessa/+0 short sword (6)]
  3900 | D:4      | Killed Dowan
  3901 | D:4      | Slain by Duvessa

Illustrated notes

Levels and vault maps discovered:
D:1:      ncdulo_halloftheorcs, layout_loops_ring
D:2:      cheibrodos_pilgrimage, layout_loops_ring, serial_shops,
          nicolae_shop_overgrown_old_shop, minivault_19, wad_orctagon
D:3:      layout_loops_ring, nicolae_overflow_hallway_of_the_gods,
          chequers_ecumenical_altar_island, st_stairs_11, uniq_grinder,
          uniq_terence, uniq_crazy_yiuf_cottage
D:4:      layout_loops_ring, uniq_duvessa

Skill      XL: |  1  2  3  4  5  6 |
---------------+-------------------+-----
Stealth        | 1 3 4 |  4.2
Fighting       | 5 6 |  6.1
Ranged Weapons | 6 |  6.8
Armour         | 6 |  6.2
Dodging        | 4 5 |  5.5

Action                   |  1- 3 |  4- 6 |  7- 9 || total
-------------------------+-------+-------+-------++-------
Melee: Shortbow          |       |     6 |       ||     6
       Headbutt          |       |     1 |       ||     1
       Great sword       |       |     2 |       ||     2
 Fire: Shortbow          |    67 |   160 |    21 ||   248
  Use: Scroll            |     6 |     3 |       ||     9
       Potion            |     2 |     1 |     1 ||     4
Armor: Leather armour    |     7 |    28 |     1 ||    36
Dodge: Dodged            |    15 |    62 |    14 ||    91

Table legend: (Time is in decaauts)
 A = Elapsed time spent in this place.
 B = Non-inter-level travel time spent in this place.
 C = Inter-level travel time spent in this place.
 D = Time resting spent in this place.
 E = Time spent auto-exploring this place.
 F = Levels seen in this place.
 G = Mean time per level.
                   A        B        C        D        E       F      G
               +--------+--------+--------+--------+--------+-----+--------+
         Total |   3962 |   3343 |    619 |    123 |   2668 |   4 |  990.5 |
       Dungeon |   3962 |   3343 |    619 |    123 |   2668 |   4 |  990.5 |
               +--------+--------+--------+--------+--------+-----+--------+

Top non-repeatable levels by time:
     D:1: 1247 daAuts
     D:3: 1188 daAuts
     D:2: 1021 daAuts
     D:4: 506 daAuts

Table legend:
 A = Kills in this place as a percentage of kills in entire the game.
 B = Kills by you in this place as a percentage of kills by you in the entire game.
 C = Kills by friends in this place as a percentage of kills by friends in the entire game.
 D = Other kills in this place as a percentage of other kills in the entire game.
 E = Experience gained in this place as a percentage of experience gained in the entire game.
 F = Experience gained in this place divided by the number of levels of this place that you have seen.
                   A       B       C       D       E      F
               +-------+-------+-------+-------+-------+----------------------
         Total | 100.0 | 100.0 |   N/A |   N/A | 100.0 | 190.5
       Dungeon | 100.0 | 100.0 |   N/A |   N/A | 100.0 | 190.5
               +-------+-------+-------+-------+-------+----------------------
